AoeStats
← [CL] Al3jandr0.magn00

Arabia

503628823Analyzed
1v1 RM · 1mo ago on Sep 1, 2026· 51m 7s· 2 players
Game mode
Random Map
Map size
Tiny (2 player)
Population
200
Speed
Normal
Resources
Standard
Victory
Conquest
Starting age
Dark Age
Ending age
Imperial Age
RankedLock teamsTeams togetherTeam positionsShared explorationLock speedFull tech treeHidden civsTurbo modeCheats
Victory
Defeat
🇦🇷 Armenians · Argentina
2015
+11
🇦🇷 Vietnamese · Argentina
1894
-11
[CL] Al3jandr0.magn00
6:51 Loom
9:44 Feudal Age
9:52 Man-at-Arms
20:05 Fletching
24:31 Castle Age
23:01 Double-Bit Axe
22:57 Horse Collar
26:24 Bow Saw
28:56 Bodkin Arrow
30:11 Crossbowman
34:10 Wheelbarrow
33:21 Town Watch
41:03 Imperial Age
40:23 Gold Mining
40:56 Hand Cart
44:24 Elite Skirmisher
45:05 Bracer
45:06 Padded Archer Armor
45:27 Imperial Skirmisher
48:50 Leather Archer Armor
50:00 Ring Archer Armor
52:05 Chemistry
52:11 Two-Man Saw
51:11 Heavy Plow
LautaLk
6:28 Loom
8:52 Feudal Age
9:19 Double-Bit Axe
9:39 Horse Collar
20:07 Fletching
25:25 Castle Age
24:15 Padded Archer Armor
25:09 Pikeman
26:57 Bow Saw
28:22 Elite Skirmisher
29:19 Town Watch
30:13 Wheelbarrow
31:15 Gold Mining
31:43 Bodkin Arrow
32:31 Leather Archer Armor
34:10 Ballistics
36:44 Hand Cart
41:31 Imperial Age
39:37 Gold Mining
42:19 Bracer
43:20 Chemistry
44:24 Ring Archer Armor
46:49 Conscription
47:06 Scale Barding Armor
47:12 Forging
47:46 Bloodlines
47:36 Husbandry
46:57 Cavalier
48:24 Chain Barding Armor
51:54 Iron Casting
Connection lost

Rejoining the realm…

Still unreachable

The connection could not be restored.

Session expired

The server has moved on; the page needs a fresh start.